Cogmind - Beta 17 @@@ ROGUE MODE // 2026.07.15 @ 06:10:37 // Winter2019/RPGLIKE Player: Gallgagger Result: Destroyed by 99-TNT with 99-TNT's Nukerbomber Performance ------------- Evolutions (1) 500 Regions Visited (6) 1200 Robots Destroyed (9) 45 Value Destroyed (148) 148 Prototype IDs (23) 460 Alien Tech Used (0) 0 Bonus (300) 300 TOTAL SCORE: 2653 Bonus ------- Aligned with FarCom 300 Cogmind --------- Core Integrity 0/600 Matter 290/300 Energy 40/100 System Corruption 0% Temperature Hot (209) Movement Flying (40) Location -8/Mines Parts ------- > --- POWER (1) -------- (None) > --- PROPULSION (1) --- Flight Unit > --- UTILITY (1) ------ (None) > --- WEAPON (2) ------- Firepult > --- INVENTORY (0) ---- (None) Peak State ------------ > --- POWER ------------ (None) > --- PROPULSION ------- Flight Unit > --- UTILITY ---------- (None) > --- WEAPON ----------- Firepult > --- INVENTORY -------- (None) [Rating: 21] Favorites ----------- Power None Propulsion Flight Unit Flight Unit Flight Unit Utility None Weapon Assault Rifle Energy Cannon Firepult Ballistic Gun Assault Rifle Build | -11 -10 -10 -9 -9 -9 -8 ------- Run | Yrd Mat Min Mat Min Exi Min Slots Evolved 1 | . . . . . 1 . Power . | . . . . . . . Propulsion . | . . . . . . . Utility . | . . . . . . . Weapon 1 | . . . . . 1 . Parts Attached 3 | . . 2 . . 1 . Power . | . . . . . . . Engine . | . . . . . . . Core . | . . . . . . . Reactor . | . . . . . . . Propulsion 1 | . . 1 . . . . Treads . | . . . . . . . Leg . | . . . . . . . Wheel . | . . . . . . . Hover . | . . . . . . . Flight 1 | . . 1 . . . . Utility . | . . . . . . . Device . | . . . . . . . Storage . | . . . . . . . Processor . | . . . . . . . Hackware . | . . . . . . . Protection . | . . . . . . . Artifact . | . . . . . . . Weapon 2 | . . 1 . . 1 . Energy Gun . | . . . . . . . Energy Cannon 1 | . . . . . 1 . Ballistic Gun 1 | . . 1 . . . . Ballistic Cannon . | . . . . . . . Launcher . | . . . . . . . Special Weapon . | . . . . . . . Impact Weapon . | . . . . . . . Slashing Weapon . | . . . . . . . Piercing Weapon . | . . . . . . . Special Melee Weapon . | . . . . . . . Unidentified Prototypes . | . . . . . . . Parts Lost . | . . . . . . . Power . | . . . . . . . Propulsion . | . . . . . . . Utility . | . . . . . . . Weapon . | . . . . . . . Highest Loss Streak . | . . . . . . . To Critical Strikes . | . . . . . . . Average Backups . | . . . . . . . Power . | . . . . . . . Propulsion . | . . . . . . . Utility . | . . . . . . . Weapon . | . . . . . . . Tool/Special . | . . . . . . . Unused Backups . | . . . . . . . Power . | . . . . . . . Propulsion . | . . . . . . . Utility . | . . . . . . . Weapon . | . . . . . . . Tool/Special . | . . . . . . . Average Slot Usage (%) 40 | . . 42 50 50 45 40 Flight 19 | . . 18 25 25 22 20 Energy Cannon 1 | . . . . . 10 20 Ballistic Gun 19 | . . 23 25 25 12 . Peak Build Rating 21 | . . 2 2 2 21 21 Average Rating 3 | . . 1 2 2 12 21 On Entrance 3 | . . . 2 2 2 21 Avg Prop Armor Cover (%) . | . . . . . . . Naked Turns 106 | . 94 12 . . . . Heaviest Build 22 | . . 2 2 2 22 22 Greatest Support 24 | 3 3 4 4 4 24 24 Greatest Overweight (x) . | . . . . . . . Average Overweight (x) . | . . . . . . . Largest Inventory Capacity . | . . . . . . . Average Capacity . | . . . . . . . Most Carried . | . . . . . . . Average Carried . | . . . . . . . Final Capacity . | . . . . . . . Final Carried . | . . . . . . . Class Distribution -------------------- 100% | Mutant Dominant Class ---------------- Mutant | -10/Materials Mutant | -10/Mines Mutant | -9/Materials Mutant | -9/Mines Mutant | -9/Exiles Mutant | -8/Mines Resources | -11 -10 -10 -9 -9 -9 -8 ----------- Run | Yrd Mat Min Mat Min Exi Min Matter Collected 300 | . . 300 . . . . Remotely . | . . . . . . . Salvage Created 50 | . . . . . . 50 Parts 15 | . . 9 . . . 6 Haulers Intercepted . | . . . . . . . Recyclers Shooed . | . . . . . . . Parts Field Recycled . | . . . . . . . Retrieved Matter . | . . . . . . . Parts Self-Destructed . | . . . . . . . Prevented . | . . . . . . . Parts Restored . | . . . . . . . Kills | -11 -10 -10 -9 -9 -9 -8 ------- Run | Yrd Mat Min Mat Min Exi Min Combat Hostiles Destroyed 8 | . . 5 . . . 3 Guns 4 | . . 4 . . . . AOE 3 | . . . . . . 3 Classes Destroyed 3 | . . 2 . . . 1 Tunneler 1 | . . . . . . 1 Swarmer 6 | . . 3 . . . 3 Grunt 2 | . . 2 . . . . Best Kill Streak 4 | . . 3 . . . 4 Combat Bots Only 3 | . . 3 . . . 3 Max Kills in Single Turn 4 | . . 1 . . . 4 Gunslinging . | . . . . . . . Exploded 3 | . . . . . . 3 Melee . | . . . . . . . Uniques/NPCs Destroyed . | . . . . . . . Combat | -11 -10 -10 -9 -9 -9 -8 -------- Run | Yrd Mat Min Mat Min Exi Min Hostile Shots Fired 91 | . 8 48 2 11 . 22 Missed 39 | . 2 22 1 5 . 9 Hits 52 | . 6 26 1 6 . 13 Projectile 52 | . 6 26 1 6 . 13 AOE 8 | . . . . . . 8 Damage Taken 1050 | 4 84 293 14 60 . 595 Core 923 | 4 84 270 11 56 . 498 Absorbed by Shields . | . . . . . . . Redirected to Core 466 | . . 74 11 13 . 368 Core Remaining (%) 95 | 99 . 91 . . . . Volleys Fired 34 | . . 31 . . 1 2 Largest 1 | . . 1 . . 1 1 Hottest 250 | . . 20 . . 250 250 Shots Fired 34 | . . 31 . . 1 2 Gun 31 | . . 31 . . . . Cannon 3 | . . . . . 1 2 Launcher . | . . . . . . . Special . | . . . . . . . Kinetic 31 | . . 31 . . . . Thermal 3 | . . . . . 1 2 Explosive . | . . . . . . . Electromagnetic . | . . . . . . . Robot Hit Streak 8 | . . 7 . . . 8 Robot Miss Streak 2 | . . 2 . . . 2 Penetration Max . | . . . . . . . Secondary Targets . | . . . . . . . Shots Hit Robots 23 | . . 21 . . . 2 Core Hits 11 | . . 7 . . . 4 Critical Kills . | . . . . . . . Critical Parts Destroyed 1 | . . 1 . . . . Critical Strikes 1 | . . 1 . . . . Destroy 1 | . . 1 . . . . Melee Attacks . | . . . . . . . Impact . | . . . . . . . Slashing . | . . . . . . . Piercing . | . . . . . . . Sneak Attacks . | . . . . . . . Combat Hostiles . | . . . . . . . Follow-up Attacks . | . . . . . . . Damage Inflicted 375 | 8 13 262 . . . 92 Guns 262 | . . 262 . . . . Cannons . | . . . . . . . Explosions 92 | . . . . . . 92 Melee . | . . . . . . . Ramming 21 | 8 13 . . . . . Kinetic 262 | . . 262 . . . . Thermal 92 | . . . . . . 92 Explosive . | . . . . . . . Electromagnetic . | . . . . . . . Impact . | . . . . . . . Slashing . | . . . . . . . Piercing . | . . . . . . . Highest Corruption . | . . . . . . . Average Corruption . | . . . . . . . Corruption Purged . | . . . . . . . Corruption Blocked . | . . . . . . . Overload Shots . | . . . . . . . Overflow Damage 10 | . . . . . . 10 Projectiles . | . . . . . . . Explosions 10 | . . . . . . 10 Melee . | . . . . . . . Knockbacks . | . . . . . . . Impact . | . . . . . . . Kinetic . | . . . . . . . Secondary . | . . . . . . . Self-Inflicted Damage 25 | 4 6 . . . . 15 Shots 1 | . . . . . . 1 Rammed 4 | 1 3 . . . . . Targets Rammed 4 | 1 3 . . . . . Kicked . | . . . . . . . Crushed . | . . . . . . . Highest Temperature 252 | . . . . . 203 252 Average Temperature 133 | . . . . . 105 156 Received Heat Transfer 144 | . . 114 9 21 . . Siege Activations . | . . . . . . . Martial Activations . | . . . . . . . Shielding Activations . | . . . . . . . Robots Disrupted . | . . . . . . . Combat Hostiles . | . . . . . . . Robots Corrupted . | . . . . . . . Combat Hostiles . | . . . . . . . Parts Fried . | . . . . . . . Impact Corruptions . | . . . . . . . Robots Melted . | . . . . . . . Combat Hostiles . | . . . . . . . Parts Melted 2 | . . . . . . 2 Heat Transferred 560 | . . . . . . 560 Parts Sabotaged . | . . . . . . . Parts Stolen . | . . . . . . . Parts Stripped . | . . . . . . . Power Chain Reactions . | . . . . . . . Alert | -11 -10 -10 -9 -9 -9 -8 ------- Run | Yrd Mat Min Mat Min Exi Min Maximum Alert Level . | . . . . . . . Low Security (%) 100 | 100 100 100 100 100 . 100 Level 1 . | . . . . . . . Level 2 . | . . . . . . . Level 3 . | . . . . . . . Level 4 . | . . . . . . . Level 5 . | . . . . . . . High Security . | . . . . . . . Max Security . | . . . . . . . Peak Influence 115 | . 8 105 7 115 . 103 Initial 7 | . . . 7 . . . Average 40 | . . 45 2 54 . 68 Influence Increases 441 | . 8 195 . 135 . 103 Destroy 0b10 Robot/C 160 | . . 100 . . . 60 Destroy 0b10 Robot/NC 5 | . . . . . . 5 Destroy Leader 30 | . . 20 . . . 10 Successful Hack 8 | . 8 . . . . . Destroy Structure 13 | . . . . . . 13 Lose Combat Pursuer 225 | . . 75 . 135 . 15 Influence Decreases 338 | . 8 175 20 135 . . Entered New Map 13 | . . . 13 . . . Time Decay 290 | . 8 140 7 135 . . Lost Ally 35 | . . 35 . . . . Squads Dispatched 1 | . . . . 1 . . Investigation . | . . . . . . . Extermination . | . . . . . . . Reinforcement . | . . . . . . . Assault 1 | . . . . 1 . . Garrison . | . . . . . . . Intercept . | . . . . . . . Searches Triggered . | . . . . . . . Construction Impeded . | . . . . . . . Haulers Reinforced . | . . . . . . . Active Scanning Responses . | . . . . . . . Cargo Convoy Interrupts . | . . . . . . . Stealth | -11 -10 -10 -9 -9 -9 -8 --------- Run | Yrd Mat Min Mat Min Exi Min Distress Signals 1 | . . . 1 . . . Communications Jammed . | . . . . . . . Distress Signals . | . . . . . . . Times Spotted 39 | . 3 14 2 13 1 6 Peak Tracking Total 10 | . 4 4 3 7 10 5 Tactical Retreats 6 | . . 3 . 2 . 1 Traps | -11 -10 -10 -9 -9 -9 -8 ------- Run | Yrd Mat Min Mat Min Exi Min Traps Triggered . | . . . . . . . Indirectly . | . . . . . . . Trap Hack Attempts . | . . . . . . . Triggered . | . . . . . . . Disarmed . | . . . . . . . Reprogrammed . | . . . . . . . Reused . | . . . . . . . Traps Extracted . | . . . . . . . Installed . | . . . . . . . Triggered . | . . . . . . . Machines | -11 -10 -10 -9 -9 -9 -8 ---------- Run | Yrd Mat Min Mat Min Exi Min Machines Disabled 1 | . . . . . 1 . Max in Single Turn 1 | . . . . . 1 . Machines Repaired . | . . . . . . . Machines Dismantled . | . . . . . . . Machines Sabotaged . | . . . . . . . Overloaded Fab Kills . | . . . . . . . Hacking | -11 -10 -10 -9 -9 -9 -8 --------- Run | Yrd Mat Min Mat Min Exi Min Machines Accessed 2 | . 1 . . . 1 . Terminals 1 | . 1 . . . . . Fabricators . | . . . . . . . Repair Stations . | . . . . . . . Recycling Units . | . . . . . . . Scanalyzers . | . . . . . . . Garrison Access . | . . . . . . . Total Hacks 4 | . 3 . . . 1 . Successful 2 | . 1 . . . 1 . Failed 2 | . 2 . . . . . Catastrophic 1 | . 1 . . . . . Database Lockouts . | . . . . . . . Manual 4 | . 3 . . . 1 . Terminals 3 | . 3 . . . . . Fabricators . | . . . . . . . Repair Stations . | . . . . . . . Recycling Units . | . . . . . . . Scanalyzers . | . . . . . . . Garrison Access . | . . . . . . . Terminal Hacks 2 | . 1 . . . 1 . Branch Access Points 1 | . 1 . . . . . Proto ID Catalog 1 | . . . . . 1 . Fabricator Hacks . | . . . . . . . Repair Station Hacks . | . . . . . . . Recycling Unit Hacks . | . . . . . . . Scanalyzer . | . . . . . . . Garrison Access Hacks . | . . . . . . . Unauthorized Hacks . | . . . . . . . Terminals . | . . . . . . . Fabricators . | . . . . . . . Repair Stations . | . . . . . . . Recycling Units . | . . . . . . . Scanalyzers . | . . . . . . . Garrison Access . | . . . . . . . Data Cores Recovered . | . . . . . . . Used . | . . . . . . . Hacking Detections 1 | . 1 . . . . . Full Trace Events . | . . . . . . . Feedback Events . | . . . . . . . Feedback Blocked . | . . . . . . . Robot Schematics Acquired . | . . . . . . . Robots Built . | . . . . . . . Authchips . | . . . . . . . Time . | . . . . . . . Total Robot Build Rating . | . . . . . . . Part Schematics Acquired . | . . . . . . . Parts Built . | . . . . . . . Authchips . | . . . . . . . Time . | . . . . . . . Total Part Build Rating . | . . . . . . . Part Studies Acquired . | . . . . . . . Parts Repaired . | . . . . . . . Time . | . . . . . . . Parts Recycled . | . . . . . . . Recycled Matter . | . . . . . . . Retrieved Matter . | . . . . . . . Retrieved Components . | . . . . . . . Parts Scanalyzed . | . . . . . . . Part Schematics Acquired . | . . . . . . . Parts Damaged . | . . . . . . . Bothacking | -11 -10 -10 -9 -9 -9 -8 ------------ Run | Yrd Mat Min Mat Min Exi Min Used RIF Installer . | . . . . . . . Robots Hacked . | . . . . . . . Non-combat . | . . . . . . . Combat . | . . . . . . . Robot Hacks Applied . | . . . . . . . Relay Couplers Released . | . . . . . . . Fabnet Peak Effective % . | . . . . . . . Robots Rewired . | . . . . . . . Allies Hacked . | . . . . . . . Hacks Repelled . | . . . . . . . Allies | -11 -10 -10 -9 -9 -9 -8 -------- Run | Yrd Mat Min Mat Min Exi Min Total Allies 3 | . . 2 . 1 . . Largest Group 2 | . . 2 . 1 . . Highest-Rated Group 35 | . . 35 . 31 . . Highest-Rated Ally 31 | . . 31 . 31 . . Total Orders . | . . . . . . . Ally Attacks 5 | . . 5 . . . . Total Damage 62 | . . 62 . . . . Kills . | . . . . . . . Allies Corrupted . | . . . . . . . Allies Melted . | . . . . . . . Intel | -11 -10 -10 -9 -9 -9 -8 ------- Run | Yrd Mat Min Mat Min Exi Min Active Infowar (turns) . | . . . . . . . Robot Analysis Total . | . . . . . . . Derelict Logs Recovered 4 | . . 3 . 1 . . Drone Launches . | . . . . . . . Drone Recoveries . | . . . . . . . Exploration | -11 -10 -10 -9 -9 -9 -8 ------------- Run | Yrd Mat Min Mat Min Exi Min Turns Passed 905 | 9 94 336 45 289 114 18 Spaces Moved 1411 | 17 97 636 111 242 275 33 Core 138 | 17 97 24 . . . . Treads . | . . . . . . . Legs . | . . . . . . . Wheels . | . . . . . . . Hover . | . . . . . . . Flight 1273 | . . 612 111 242 275 33 Fastest Speed 40 | 50 50 40 40 40 40 40 Average Speed 40 | 50 50 40 40 40 40 40 Slowest Speed 50 | 50 50 50 40 40 40 40 Overloaded Moves . | . . . . . . . Propulsion Burnouts . | . . . . . . . Robots Hopped 17 | . . 4 4 9 . . Potential Cave-ins . | . . . . . . . Cave-ins Triggered . | . . . . . . . Exploration Rate (%) 38 | 3 21 99 15 53 62 18 Regions Visited 6 Branch Regions 4 Pre-discovered Areas 1 | . . . . 1 . . Known Exits Taken 2 | . 1 . 1 . . . Unknown Exits Taken 4 | 1 . 1 . 1 1 . Scrap Searched 4 | . . 3 . 1 . . Spaces Dug . | . . . . . . . Terrain Destroyed 19 | . . . . . 4 15 Melee . | . . . . . . . Projectile 1 | . . . . . . 1 AOE 18 | . . . . . 4 14 Terrain Rammed . | . . . . . . . Walls Destroyed . | . . . . . . . Machines Disabled . | . . . . . . . Actions | -11 -10 -10 -9 -9 -9 -8 --------- Run | Yrd Mat Min Mat Min Exi Min Total 1678 | 17 141 678 106 424 277 35 Wait 234 | . 42 . . 192 . . Move 1371 | 16 96 627 102 223 274 33 Hop 17 | . . 4 4 9 . . Pick Up . | . . . . . . . Fast Attach 3 | . . 2 . . 1 . Attach . | . . . . . . . Detach . | . . . . . . . Swap . | . . . . . . . Drop 1 | . . . . . 1 . Fire 34 | . . 31 . . 1 2 Melee . | . . . . . . . Ram 4 | 1 3 . . . . . Kick . | . . . . . . . Crush . | . . . . . . . Escape Stasis . | . . . . . . . Rewire . | . . . . . . . Trap . | . . . . . . . Miscellaneous 14 | . . 14 . . . . Route ------- -11/Scrapyard -10/Materials (discovered 3 exits: *Min x2 / *Sub) -10/Mines (discovered 3 exits: [*Mat x2] / Sub) -9/Materials -9/Mines (discovered 2 exits: [*Mat] / *Exi) -9/Exiles (discovered 2 exits: [*Min x2]) -8/Mines (discovered 1 exit: [*Mat]) History --------- Turn | Location | Event 3 | -11/Scrapyard | Discovered new exit (range 15) 10 | -11/Scrapyard | Entered Materials 11 | -10/Materials | Met a group of wandering Federalists 65 | -10/Materials | Discovered new exit (range 6) 87 | -10/Materials | Identified exit to Mines 104 | -10/Materials | Entered Mines 218 | -10/Mines | Learned location of 1 exit from Materials 290 | -10/Mines | A weapon hastily lodged in a ceiling crevice suddenly fell to the ground 317 | -10/Mines | Build established: Mutant 337 | -10/Mines | Discovered new exit (range 9) 345 | -10/Mines | Discovered new exit (range 12) 350 | -10/Mines | Identified exit to Subcaves 352 | -10/Mines | Learned Materials stockpile data 440 | -10/Mines | Entered Materials 441 | -9/Materials | Identified exit to Mines 442 | -9/Materials | Reached level 2 485 | -9/Materials | Entered Mines 487 | -9/Mines | Reached level 3 517 | -9/Mines | Assembled infested the area 519 | -9/Mines | Discovered new exit (range 7) 522 | -9/Mines | Assisted by a Guerilla fighting off Assembled 738 | -9/Mines | Met a Derelict testing a Signal Generator 772 | -9/Mines | Deemed a non-threat by the Exiles lab entrance 772 | -9/Mines | Discovered new exit (range 5) 774 | -9/Mines | Entered Exiles 780 | -9/Exiles | Discovered new exit (range 15) 785 | -9/Exiles | Met 8R-AWN 791 | -9/Exiles | Met EX-HEX 802 | -9/Exiles | Met EX-BIN 808 | -9/Exiles | Aligned with FarCom system 808 | -9/Exiles | Given EX-Vault access code 820 | -9/Exiles | Opened EX-Vault 823 | -9/Exiles | Upgraded with Weapon slot (x1) 823 | -9/Exiles | Found Firepult 833 | -9/Exiles | Warned to stay clear of 0b10 Research branches 847 | -9/Exiles | Met EX-DEC 861 | -9/Exiles | Discovered new exit (range 11) 878 | -9/Exiles | Attacked by the Exiles 888 | -9/Exiles | Left Exiles lab with Firepult 888 | -9/Exiles | Entered Mines 901 | -8/Mines | Discovered new exit (range 12) 902 | -8/Mines | 99-TNT came to Exiles' defense 903 | -8/Mines | Core integrity fell below 50% 905 | -8/Mines | Core integrity fell below 20% 906 | -8/Mines | Destroyed by 99-TNT with 99-TNT's Nukerbomber Last Messages --------------- And if we have to leave here due to unforeseen circumstances, don't worry the FarCom system will continue to maintain contact via our distributed network. EX-DEC: Ah I see we have a visitor. One wrong move in here and I'll invert your atomic chain! 00849_ EX-DEC: "Oops, I hope HEX didn't hear that..." 00861_ EXIT=FOUND 00877_ Machine disabled. 00878_ EXILES: Hostile robot within lab perimeter. Defensive protocols time, folks! A strange signal echoes through the mines. LOCATION=UNKNOWN GOAL=ESCAPE 00889_ T-07 Excavator is excavating. 00892_ S-10 Pest destroyed. 00892_ Destroyed Flight Unit. 00892_ S-10 Pest destroyed. 00901_ EXIT=FOUND 00902_ 99-TNT: "I came as fast as I could... Wait, it was you!" 00903_ The unstable cave ceiling collapses. Map ----- +----------------------------------------------------+ | ?????????????????????????????????????????????????? | | ?????????????????????????????????????????????????? | | ?????????????????????????????????????????????????? | | ?????????????????????????????????????????????????? | | ?????????????????????????????????????????????????? | | ?????????????????????????????????????????????????? | | ?????????????????????????????????????????????????? | | ?????????????????????????????????????????????????? | | ?????????????????????????????????????????????????? | | ?????????????????????????????????????????????????? | | ?????????????????????????????????????????????????? | | ?????????????????????????????????????????????????? | | ?????????????????????????????????????????????????? | | ?????????????????????????????????????????????????? | | ?????????????????????????????????????????????????? | | ?????????????????????????????????????????????????? | | ??????????????????????????###????????????????????? | | ????????????????????????## #;##????? #???????????? | | ?????????????????????#### # ##??? #???????????? | | ?????????????????????# ; ### ?????????????? | | ?????????????????????#; #??????????????? | | ?????????????????????#; #??????????????? | | ?????????????????????# #??????????????? | | ??????????####??????## #??????????????? | | ?????????## ##???### d #???????????????? | | ?????????# #??## @ #?????????????????? | | ????????## ?### ##?????????????????? | | ????????# ### #??????????????????? | | ???????## ## ##??????????????????? | | ???????# ## ##???????????????????? | | #??????# s #???????????????????? | | ##?????# ## #??????????????????? | | #"####### ## ??????????????? | | ## # < ????????????? | | # ## ?????????????? | | ######## ## ### # # ## ????????????? | | ???????# ######?## ##? ##??????????????? | | ???????# #???????## # # # #??###???????????????? | | ???????# #????????###########????????????????????? | | ???????# #???????????????????????????????????????? | | ???????# ???????????????????????????????????????? | | ??????? ???????????????????????????????????????? | | ??????? ???????????????????????????????????????? | | ??????? #???????????????????????????????????????? | | ??????? #????????????????????????????????????????? | | ??????? ?????????????????????????????????????????? | | ??????? ?????????????????????????????????????????? | | ??????? ?????????????????????????????????????????? | | ??????? ?????????????????????????????????????????? | | ?????????????????????????????????????????????????? | +----------------------------------------------------+ Best States ------------- Heat Dissipation 25 Energy Generation 5 Energy Capacity 100 Matter Stores 300 Matter Capacity 300 Sight Range 16 Terrain Scan Density 10 Evasion (%) 62 Item Schematics ----------------- None Robot Schematics ------------------ None Fabricated ------------ Nothing Repaired ---------- Nothing Studied --------- None Alien Tech Used ----------------- None Achievements -------------- None Challenges ------------ None RPGLIKE | -11 -10 -10 -9 -9 -9 -8 --------- Run | Yrd Mat Min Mat Min Exi Min Levels Raised 2 | . . . 1 1 . . XP Earned 7340 | 3000 40 1100 1500 500 350 850 XP Spent 3900 | . . . . . 3900 . Upgrades 5 | . . . . . 5 . Weapon Slot 1 | . . . . . 1 . Mass Support 4 | . . . . . 4 . Protomatter Created 163 | . . 147 . . . 16 Integrity Restored 307 | . . 307 . . . . Core 307 | . . 307 . . . . Protomatter Decayed 90 | . . 44 . 46 . . Game ------ Seed MachineSuperdenseChainsaw Manual? 0 Play Time 00:06:01 Cumulative 662.8 hours Start 2026.07.15 @ 06:04:24 End 2026.07.15 @ 06:10:37 Sessions 1 Manual Loads 0 Difficulty Rogue Special Mode Winter2019/RPGLIKE Game No. 295 Rogue 141 Adventurer 154 Explorer 0 Win Type - Total 22 Types 4/5/4/3/2/1/0/1/1/1 Lore% 95 Gallery% 88 Achievement% 68 Wizard Run 0 Options --------- Layout 0 ASCII 0 Keyboard 0 Movement Numpad Keybinds 0 Fullscreen 2 Font 18/SmallcapsGlow Map View 76x50 Zoom Use 0% Tactical HUD 1 Map Filters NONE Filters NONE Steam 1 RUN: 05108d36-1967-457e-895c-a3f8cfcfec69